[Event "Late-Titled-Tuesday-Blitz-March-26-2024"]
[Site "Chess.com"]
[Date "2024.03.26"]
[Round "2"]
[White "Houdinovic"]
[Black "1g60-1"]
[Result "1-0"]
[WhiteElo "2734"]
[BlackElo "2383"]
[TimeControl "180+1"]
[EndTime "14:18:55 PDT"]
[Termination "Houdinovic won by resignation"]

1. c4 f5 2. g3 e6 3. Bg2 Nf6 4. Nc3 Be7 5. d3 O-O 6. e4 fxe4 7. dxe4 d6 8. f4 c6 9. Be3 e5 10. f5 Qa5 11. a3 Qa6 12. Qe2 Nbd7 13. g4 Nb6 14. b3 d5 15. exd5 cxd5 16. Bxb6 Qxb6 17.
Nxd5 Nxd5 18. Bxd5+ Kh8 19. Nf3 Bxa3 20. Rxa3 Qb4+ 21.
Kf1 Qxa3 22. Nxe5 Bxf5 23. gxf5 Rxf5+ 24. Kg2 Raf8 25. Nf7+ R5xf7 26. Bxf7 Qc5 27. Bd5 Qd6 28. Rf1 Qg6+ 29. Kh1 Rd8 30. Qf3 h6 31. Be4 Qe8 32.
Qf5 Qg8 33. Qg6 Re8 34. Bd5 Qh7 35. Qxe8+ 1-0

[Event "Late-Titled-Tuesday-Blitz-March-26-2024"]
[Site "Chess.com"]
[Date "2024.03.26"]
[Round "2"]
[White "dropstoneDP"]
[Black "aghasiyevkamal"]
[Result "1-0"]
[WhiteElo "3016"]
[BlackElo "2646"]
[TimeControl "180+1"]
[EndTime "14:18:57 PDT"]
[Termination "dropstoneDP won on time"]

1. e4 c5 2. Nf3 d6 3. d4 cxd4 4. Nxd4 Nf6 5. Nc3 g6 6. Be3 Bg7 7. f3 O-O 8. Qd2 Nc6 9. Bc4 Bd7 10. O-O-O Rc8 11. Nxc6 bxc6 12. h4 h5 13. g4 Qa5 14.
Bh6 d5 15. Bxg7 Kxg7 16. g5 Ne8 17. exd5 Nd6 18. Qd4+ Kg8 19. dxc6 Bxc6 20. Bd5 Bxd5 21. Nxd5 Nf5 22. Qb4 Qxa2 23. Qa3 Qxa3 24. bxa3 Rc5 25.
Rhe1 Rfc8 26. Nxe7+ Nxe7 27. Rxe7 Rxc2+ 28. Kb1 R2c3 29.
Rxa7 Rb8+ 30. Ka2 Rxf3 31. Rad7 Rbb3 32. Ra7 Rbe3 33. Rd2 Re4 34. Rh2 Rff4 35. Rb2 Rxh4 36. Rb8+ Kg7 37. Raa8 Re2+ 38. Kb3 Re3+ 39. Kc2 Rh2+ 40.
Kd1 Rd3+ 41. Ke1 1-0

[Event "Late-Titled-Tuesday-Blitz-March-26-2024"]
[Site "Chess.com"]
[Date "2024.03.26"]
[Round "2"]
[White "Thjop"]
[Black "snowlord"]
[Result "0-1"]
[WhiteElo "2609"]
[BlackElo "2919"]
[TimeControl "180+1"]
[EndTime "14:18:57 PDT"]
[Termination "snowlord won by resignation"]

1. d4 Nf6 2. g3 Nc6 3. Bg2 e5 4. dxe5 Nxe5 5. Nf3 Nxf3+ 6. Bxf3 d5 7. O-O c6 8. c4 Bh3 9. Re1 dxc4 10. Nd2 Qd4 11. Qc2 Be6 12. Rd1 O-O-O 13. e3 Qd3 14. Qa4 Bc5 15.
Ne4 Qxd1+ 16. Bxd1 Nxe4 17. Bf3 Ng5 18. Bg2 Bg4 19.
f3 Nxf3+ 20. Bxf3 Bxf3 21. Qxc4 Bb6 22. Kf2 Bd5 23. Qg4+ f5 24. Qxg7 h5 25. Bd2 f4 26.
gxf4 Rhg8 27. Qe5 Rg2+ 28. Kf1 Rxd2 29. Qxh5 Bc4+ 30. Ke1 Re2+ 31. Qxe2 Bxe2 32. Kxe2 Re8 33. Kf3 Rxe3+ 34. Kg4 Re2 35. Rh1 Rg2+ 36. Kf5 Bc7 37. h4 Rxb2 38. h5 Rb5+ 39. Kg6 Bxf4 40. h6 Bxh6 41. Rxh6 Rb2 0-1

[Event "Late-Titled-Tuesday-Blitz-March-26-2024"]
[Site "Chess.com"]
[Date "2024.03.26"]
[Round "2"]
[White "jstopa4"]
[Black "PenguinPacks"]
[Result "1-0"]
[WhiteElo "2743"]
[BlackElo "2407"]
[TimeControl "180+1"]
[EndTime "14:18:57 PDT"]
[Termination "jstopa4 won on time"]

1. d4 d5 2. c4 e6 3. Nf3 Be7 4.
Nc3 Nf6 5. Bf4 O-O 6. e3 b6 7.
cxd5 Nxd5 8. Nxd5 Qxd5 9. a3 c5 10. dxc5 Qxc5 11. Rc1 Qa5+ 12. Qd2 Qxd2+ 13. Nxd2 Ba6 14.
Bxa6 Nxa6 15. Ke2 Rac8 16. b4 f6 17. e4 e5 18. Be3 Nc7 19. Nb1 Rfd8 20. Rc4 Ne6 21.
Rhc1 Rxc4 22. Rxc4 Kf7 23. Nc3 Ke8 24. Nd5 Bd6 25. g3 Kd7 26. Kd3 Rc8 27. a4 Rxc4 28. Kxc4 Nc7 29. Nc3 Kc6 30. h4 a6 31. b5+ axb5+ 32.
axb5+ Kb7 33. Nd5 Na8 34. h5 Bf8 35. h6 gxh6 36. Nxf6 Nc7 37. Nd7 Bg7 38. Nxb6 Ne6 39. Nd5 Ng5 40. Kd3 Nf3 41. Ne7 h5 42. Nf5 Bf6 43.
Ke2 Ng1+ 44. Kd3 Nf3 45. Bc5 h4 46. Ke2 1-0

[Event "Late-Titled-Tuesday-Blitz-March-26-2024"]
[Site "Chess.com"]
[Date "2024.03.26"]
[Round "2"]
[White "Xavier_mompel"]
[Black "nabukatnezarr"]
[Result "0-1"]
[WhiteElo "2343"]
[BlackElo "2596"]
[TimeControl "180+1"]
[EndTime "14:18:57 PDT"]
[Termination "nabukatnezarr won on time"]

1. e4 e5 2. Nf3 Nc6 3. Bb5 a6 4. Ba4 Nf6 5. O-O b5 6. Bb3 Be7 7. d3 d6 8. Bd2 O-O 9. h3 Be6 10. Nc3 Qd7 11. Bg5 Nd4 12. Nxd4 exd4 13. Bxf6 Bxf6 14. Nd5 Bd8 15. a4 c6 16. Nf4 Rb8 17. Nxe6 fxe6 18. axb5 axb5 19. Qg4 Rf6 20. f4 d5 21. exd5 cxd5 22. Rae1 Bc7 23. Rf3 Kh8 24.
Qh4 Rbf8 25. Ref1 Bd6 26. f5 Qe7 27. Kh1 h6 28. Qxd4 exf5 29. Qxd5 Bb8 30. c4 Qc7 31. Rf4 bxc4 32. Bxc4 g5 33. g3 gxf4 34. gxf4 Qc6 0-1

[Event "Late-Titled-Tuesday-Blitz-March-26-2024"]
[Site "Chess.com"]
[Date "2024.03.26"]
[Round "2"]
[White "IsuruAlahakoon"]
[Black "blank0923"]
[Result "0-1"]
[WhiteElo "2369"]
[BlackElo "2581"]
[TimeControl "180+1"]
[EndTime "14:18:58 PDT"]
[Termination "blank0923 won on time"]

1. Nf3 d5 2. e3 Bf5 3. c4 e6 4.
Qb3 Nc6 5. cxd5 Qxd5 6. Bc4 Qd7 7. Nc3 Na5 8. Bb5 Nxb3 9. Bxd7+ Kxd7 10. axb3 Bd6 11. e4 Bg6 12. d4 Ne7 13. O-O Rhd8 14. Rd1 a6 15. Ne5+ Ke8 16. Be3 Bh5 17. f3 Rac8 18. Nc4 Bb4 19. Na2 Bd6 20. e5 Nd5 21. exd6 b5 22. dxc7 Rxc7 23. Bg5 f6 24. Ne3 fxg5 25.
Nxd5 Rxd5 26. Nb4 Rd6 27. Rxa6 Rxa6 28. Nxa6 Rc2 29. Nc5 Ke7 30. Ra1 Rxb2 31. Ra7+ Kf6 32. Ra6 Bf7 33. Ne4+ Kg6 34. d5 Kf5 35. dxe6 Bxe6 36. g4+ Ke5 37. Nxg5 Bxb3 38. Ra7 Kf4 39. Rxg7 Bd5 0-1

[Event "Late-Titled-Tuesday-Blitz-March-26-2024"]
[Site "Chess.com"]
[Date "2024.03.26"]
[Round "2"]
[White "Msb2"]
[Black "chessablanca"]
[Result "0-1"]
[WhiteElo "3019"]
[BlackElo "2667"]
[TimeControl "180+1"]
[EndTime "14:18:59 PDT"]
[Termination "chessablanca won by checkmate"]

1. d4 Nf6 2. c4 e6 3. Nc3 Bb4 4. e3 O-O 5. Bd2 d5 6. Nf3 Nbd7 7. a3 Be7 8. cxd5 exd5 9. Bd3 c6 10. Qc2 Re8 11.
Ne5 Nf8 12. O-O Ng6 13. f4 Bd6 14. Kh1 Bd7 15. Be1 c5 16. Bh4 Nxh4 17. Nxd7 Qxd7 18. Bb5 Qf5 19. Qxf5 Nxf5 20. Bxe8 Rxe8 21. Nb5 c4 22. Rae1 a6 23. Nc3 b5 24. Nxd5 Nxd5 25. e4 Nxf4 26.
exf5 Rd8 27. Re3 Nd3 28. Re2 h5 29. g3 Bc7 30. f6 g6 31. d5 Be5 32. h3 Rxd5 33. g4 hxg4 34. hxg4 Nxb2 35. g5 c3 36. Rf3 Rd1+ 37. Kg2 Nc4 38. Kf2 Rd2 39. Rxd2 Nxd2 40. Rd3 c2 41. Rd8+ Kh7 42. Rc8 Nc4 43. Rf8 c1=Q 44.
Rxf7+ Kg8 45. Rg7+ Kf8 46. Rxg6 Qf4+ 47. Kg1 Qg3+ 48.
Kf1 Qf3+ 49. Kg1 Qg3+ 50. Kf1 Qd3+ 51. Kg2 Qxg6 52. Kf3 Qf5+ 53. Ke2 Qe4+ 54. Kf2 Bd4+ 55. Kg3 Qe3+ 56. Kg4 Qe4+ 57. Kh5 Ne3 58. a4 Qh7# 0-1

[Event "Late-Titled-Tuesday-Blitz-March-26-2024"]
[Site "Chess.com"]
[Date "2024.03.26"]
[Round "2"]
[White "rhwr"]
[Black "dolynachess"]
[Result "0-1"]
[WhiteElo "2296"]
[BlackElo "2513"]
[TimeControl "180+1"]
[EndTime "14:18:59 PDT"]
[Termination "dolynachess won on time"]

1. e4 c5 2. Nf3 d6 3. d4 cxd4 4. Nxd4 Nf6 5. Nc3 g6 6. Be2 Bg7 7. O-O O-O 8. Be3 Nc6 9. Nb3 a6 10. f4 b5 11. a3 Bb7 12. Bf3 Qc7 13. Qe1 Rfc8 14. Rd1 Na5 15. Nxa5 Qxa5 16. Qf2 Rxc3 17. bxc3 Bxe4 18. Bd4 Rc8 19. Rfe1 Bxf3 20. Qxf3 e6 21.
Qb7 Rf8 22. Ra1 d5 23. Qe7 Ne4 24. Bxg7 Kxg7 25. Qb4 Qc7 26. Qd4+ Kg8 27. Re3 Rc8 28. Rf1 Nxc3 29. h4 h5 30. g4 hxg4 31. h5 gxh5 32. f5 Ne4 33. fxe6 fxe6 0-1

[Event "Late-Titled-Tuesday-Blitz-March-26-2024"]
[Site "Chess.com"]
[Date "2024.03.26"]
[Round "2"]
[White "Nemsko"]
[Black "Christian_Jordan"]
[Result "1-0"]
[WhiteElo "2431"]
[BlackElo "2052"]
[TimeControl "180+1"]
[EndTime "14:18:59 PDT"]
[Termination "Nemsko won by resignation"]

1. e4 e6 2. d4 d5 3. Nc3 Bb4 4. e5 c5 5. a3 Bxc3+ 6. bxc3 Ne7 7. h4 Qa5 8. Bd2 Qa4 9. Nf3 b6 10. h5 h6 11. Rh4 Nf5 12. Rf4 cxd4 13. g4 Ne7 14.
Nxd4 Qd7 15. Qf3 O-O 16. g5 hxg5 17. Rg4 f6 18. exf6 Rxf6 19. Qg2 e5 20. Rxg5 exd4 21. Rxg7+ Kf8 22. h6 Qe6+ 23. Kd1 Rxh6 24. Bxh6 Qxh6 25. Rg5 Ba6 26. Bxa6 Nxa6 27. cxd4 Qf6 28. c3 Rc8 29. Rg3 Ke8 30. Kd2 Nc7 31. Re1 Ne6 32. Rge3 Qf4 33. Kd1 Rc6 34. Rxe6 Rxe6 35. Rxe6 Qf7 36. Qxd5 Kf8 37.
Qe5 Qf3+ 38. Ke1 Qxc3+ 39. Kf1 Qc1+ 40. Kg2 1-0

[Event "Late-Titled-Tuesday-Blitz-March-26-2024"]
[Site "Chess.com"]
[Date "2024.03.26"]
[Round "2"]
[White "Oleksandr_Bortnyk"]
[Black "Bryanl106"]
[Result "1-0"]
[WhiteElo "3049"]
[BlackElo "2662"]
[TimeControl "180+1"]
[EndTime "14:19:01 PDT"]
[Termination "Oleksandr_Bortnyk won by resignation"]

1. e4 e5 2. Bc4 Nf6 3. d3 Nc6 4. Nc3 Na5 5. f4 Nxc4 6. dxc4 Bb4 7. Qd3 d6 8. Bd2 exf4 9. O-O-O O-O 10. Nge2 Bg4 11. Rhf1 Nd7 12. Rxf4 Ne5 13. Qg3 Bxe2 14. Nxe2 Bxd2+ 15. Rxd2 Nxc4 16. Rd5 Ne5 17. Nd4 Kh8 18.
Nf5 g6 19. Nh6 Qe7 20. h4 Rae8 21. b3 c6 22. Rd2 d5 23. exd5 cxd5 24. Rxd5 f6 25.
Kb2 Qe6 26. Rfd4 Rc8 27. c4 Qb6 28. Qc3 Qe6 29. Rd6 Qe7 30. a4 Rc7 31. R6d5 Rc6 32. Qd2 Rb6 33. Ng4 Nxg4 34. Rxg4 Qe6 35. Rgd4 Rc6 36. Rd7 Rb6 37. Qh6 Qg8 38. Rxh7+ Qxh7 39. Qxf8+ Qg8 40. Qh6+ 1-0

[Event "Late-Titled-Tuesday-Blitz-March-26-2024"]
[Site "Chess.com"]
[Date "2024.03.26"]
[Round "2"]
[White "teresin05"]
[Black "MathiasWomacka"]
[Result "0-1"]
[WhiteElo "2248"]
[BlackElo "2488"]
[TimeControl "180+1"]
[EndTime "14:19:01 PDT"]
[Termination "MathiasWomacka won by resignation"]

1. e4 c5 2. Nf3 d6 3. d4 cxd4 4. Nxd4 Nf6 5. f3 e6 6. c4 Be7 7. Nc3 O-O 8. Be3 Nbd7 9. Be2 d5 10. cxd5 exd5 11. exd5 Nb6 12. O-O Nbxd5 13. Nxd5 Nxd5 14. Bf2 Bc5 15. Rc1 Bb6 16. Qd2 Qf6 17. Rfd1 Nf4 18. Bf1 Rd8 19. Qc3 Qg5 20. Kh1 Bd7 21. Bg3 Nh5 22.
Bf2 Rac8 23. Qe3 Qxe3 24. Bxe3 Nf6 25. Bg1 h6 26. Nb3 Be6 27. Bxb6 axb6 28. Rxd8+ Rxd8 29. Kg1 Bxb3 30. axb3 Rd2 31. Rc7 Rxb2 32. Bc4 b5 33.
Bxf7+ Kf8 34. Rxb7 g5 35. Be6 Nh5 36. Rxb5 Nf4 37.
Bh3 Ke7 38. Rb6 h5 39. b4 g4 40. fxg4 hxg4 41. Bxg4 Rxg2+ 42. Kh1 Rxg4 43. b5 Nd3 44. h3 Rb4 45. Rb8 Kf6 46. b6 Rb2 47. b7 Kg7 48. h4 Ne5 49. h5 Nf3 50. h6+ Kh7 51.
Rh8+ Kxh8 52. b8=Q+ Rxb8 53. Kg2 Ng5 0-1

[Event "Late-Titled-Tuesday-Blitz-March-26-2024"]
[Site "Chess.com"]
[Date "2024.03.26"]
[Round "2"]
[White "MITerryble"]
[Black "Shahdad2007"]
[Result "1-0"]
[WhiteElo "2995"]
[BlackElo "2631"]
[TimeControl "180+1"]
[EndTime "14:19:03 PDT"]
[Termination "MITerryble won on time"]

1. d4 Nf6 2. Bg5 g6 3. c3 Bg7 4. Nd2 O-O 5. e4 d6 6. Ngf3 c5 7. dxc5 dxc5 8. Bc4 Nc6 9. Qe2 Bg4 10. h3 Bxf3 11.
Nxf3 Nd7 12. Rd1 Qc7 13. O-O Nde5 14. Nxe5 Nxe5 15. Bd5 Rfd8 16. f4 Nc6 17. e5 a6 18.
Qc4 Rf8 19. Qxc5 h6 20. Bh4 g5 21. Bg3 e6 22. Be4 Rad8 23. Rd6 Rxd6 24. exd6 Qd7 25.
fxg5 hxg5 26. Qxg5 f5 27. Bxc6 Qxc6 28. Be5 Rf7 29.
Rd1 Qc5+ 30. Kh1 Qxe5 31. d7 Rxd7 32. Rxd7 Qe1+ 33. Kh2 Qe5+ 34. Qg3 Kf8 35. Rxb7 f4 36.
Qxg7+ Qxg7 37. Rxg7 Kxg7 38. Kg1 e5 39. Kf2 e4 40. c4 Kf6 41. c5 Ke5 42. h4 Kd4 43. c6 Kd3 44. Ke1 1-0

[Event "Late-Titled-Tuesday-Blitz-March-26-2024"]
[Site "Chess.com"]
[Date "2024.03.26"]
[Round "2"]
[White "Matrix3x3a"]
[Black "mbojan"]
[Result "1-0"]
[WhiteElo "2607"]
[BlackElo "2870"]
[TimeControl "180+1"]
[EndTime "14:19:03 PDT"]
[Termination "Matrix3x3a won by checkmate"]

1. d4 Nf6 2. c4 c5 3. d5 b5 4.
cxb5 a6 5. b6 d6 6. Nc3 Nbd7 7.
e4 g6 8. a4 Qxb6 9. a5 Qa7 10.
Bc4 Rb8 11. f4 Bg7 12. Nf3 Rb4 13. Qe2 O-O 14. O-O Ne8 15. Kh1 Nc7 16. Ra2 Nb5 17.
Nxb5 axb5 18. Bd3 Ra4 19. Rxa4 bxa4 20. e5 Qxa5 21. e6 fxe6 22. Qxe6+ Kh8 23. Qxe7 c4 24.
Bxc4 Nb6 25. Bd2 Nxc4 26. Bxa5 Nxa5 27. Qxd6 Nc4 28. Qb4 Ne3 29. Rc1 Bf5 30. Ne5 Nxd5 31. Qxa4 h6 32. Qd4 Nf6 33. b4 Ng4 34. Re1 Nxe5 35.
fxe5 Be6 36. b5 Rc8 37. b6 Bf8 38. b7 Rb8 39. Qb6 Rxb7 40. Qxb7 Bc5 41. Qc6 Bd5 42.
Qxd5 h5 43. Qxc5 Kg7 44. e6 Kh6 45. Qe3+ g5 46. h4 Kg6 47. Qxg5+ Kh7 48. Qxh5+ Kg7 49.
Qg5+ Kh7 50. Qg3 Kh8 51. e7 Kh7 52. e8=Q Kh6 53. Qe6+ Kh7 54. Qf5+ Kh6 55. Re6# 1-0

[Event "Late-Titled-Tuesday-Blitz-March-26-2024"]
[Site "Chess.com"]
[Date "2024.03.26"]
[Round "2"]
[White "Blackwhite017"]
[Black "Flaccidmoves"]
[Result "0-1"]
[WhiteElo "2087"]
[BlackElo "2439"]
[TimeControl "180+1"]
[EndTime "14:19:03 PDT"]
[Termination "Flaccidmoves won on time"]

1. e4 g6 2. Nf3 c5 3. d4 cxd4 4. Nxd4 Nc6 5. Nc3 Bg7 6. Be3 Nf6 7. Nxc6 bxc6 8. e5 Nd5 9. Nxd5 cxd5 10. Qxd5 Rb8 11.
Bc4 O-O 12. O-O-O d6 13. f4 Be6 14. Qd3 Qa5 15. Bxe6 fxe6 16. a3 dxe5 17. Bd2 Qb6 18.
Bc3 Rxf4 19. Rhf1 Rbf8 20. Rxf4 exf4 21. Re1 Bh6 22. Kb1 Bg7 23. Bxg7 Kxg7 24. Qc3+ Rf6 25. Qe5 Kf7 26. Qe4 Qc5 27. Re2 Qf5 28. Ka2 g5 29. h3 h5 30. Qxf5 exf5 31. Re5 e6 32. Ra5 g4 33. Rxa7+ Kg6 34. Ra4 f3 35. gxf3 g3 36.
Rf4 g2 0-1

[Event "Late-Titled-Tuesday-Blitz-March-26-2024"]
[Site "Chess.com"]
[Date "2024.03.26"]
[Round "2"]
[White "FabianoCaruana"]
[Black "RandomNoob04"]
[Result "1-0"]
[WhiteElo "3098"]
[BlackElo "2676"]
[TimeControl "180+1"]
[EndTime "14:19:05 PDT"]
[Termination "FabianoCaruana won on time"]

1. c4 Nf6 2. Nc3 e6 3. d4 d5 4. cxd5 exd5 5. Bg5 c6 6. Qc2 Be7 7. e3 O-O 8. Bd3 Nbd7 9. Nge2 Re8 10. O-O Nf8 11.
Rae1 Be6 12. f3 Rc8 13. Nf4 h6 14. Bh4 c5 15. Qd2 cxd4 16. exd4 Ne4 17. fxe4 Bxh4 18.
g3 dxe4 19. Bxe4 Bf6 20. Rd1 Bg4 21. Bf3 Bxf3 22. Rxf3 Ne6 23. Nxe6 Rxe6 24. Kg2 Rd6 25. Ne4 Rdc6 26. Nxf6+ Rxf6 27. Rxf6 Qxf6 28. d5 Qf5 29. Qd4 Rc2+ 30. Rd2 Rxd2+ 31. Qxd2 Qd7 32. Qd4 Qd6 33.
Kf2 Kf8 34. Ke3 b6 35. Kd3 f6 36. Kc4 a6 37. Kd3 Ke7 38. Qe4+ Kd7 39. Qf5+ Kd8 40. Ke3 Ke7 41. Kf3 Qe5 42. Qxe5+ fxe5 43. Ke4 Kd6 44. g4 g6 45. h4 b5 46. b4 1-0

[Event "Late-Titled-Tuesday-Blitz-March-26-2024"]
[Site "Chess.com"]
[Date "2024.03.26"]
[Round "2"]
[White "sorch29"]
[Black "PawnEatingZombie"]
[Result "1-0"]
[WhiteElo "2453"]
[BlackElo "2175"]
[TimeControl "180+1"]
[EndTime "14:19:05 PDT"]
[Termination "sorch29 won on time"]

1. c4 Nf6 2. Nc3 g6 3. e4 d6 4.
g3 Bg7 5. Bg2 O-O 6. Nge2 Nc6 7.
O-O e5 8. d3 Nh5 9. h3 h6 10.
Be3 f5 11. exf5 gxf5 12. Nd5 f4 13. gxf4 exf4 14. Nexf4 Nxf4 15. Nxf4 Ne5 16. Nh5 Qh4 17.
Nxg7 Kxg7 18. f4 Bxh3 19. fxe5 Bxg2 20. Kxg2 Rxf1 21. Qxf1 Qg4+ 22. Kh1 Qh4+ 23. Kg1 Rf8 24. Bf2 Qh5 25. Qg2+ Kh8 26. exd6 Rg8 27. Bd4+ Kh7 28. dxc7 Rxg2+ 29. Kxg2 Qg4+ 30. Kf1 Qf4+ 31. Ke2 Qxc7 32. Rg1 Qh2+ 33. Kd1 h5 34. Rg7+ Kh6 35. Bc3 Qh1+ 36.
Kc2 Qh2+ 37. Kb3 Qe2 38. Rxb7 Qxd3 39. Rxa7 Qd1+ 40. Ka3 h4 41. Ra6+ Kh5 42. c5 h3 43.
Ra8 1-0

[Event "Late-Titled-Tuesday-Blitz-March-26-2024"]
[Site "Chess.com"]
[Date "2024.03.26"]
[Round "2"]
[White "a_kandil"]
[Black "dealshark"]
[Result "1-0"]
[WhiteElo "2511"]
[BlackElo "2282"]
[TimeControl "180+1"]
[EndTime "14:19:06 PDT"]
[Termination "a_kandil won by checkmate"]

1. e4 c6 2. d4 d5 3. exd5 cxd5 4.
c4 Nc6 5. Nc3 Nf6 6. Bg5 dxc4 7.
Bxc4 h6 8. Bxf6 exf6 9. Qb3 Qe7+ 10.
Nge2 Nxd4 11. Bb5+ Bd7 12. Bxd7+ Qxd7 13. Nxd4 Qxd4 14.
O-O O-O-O 15. Rfd1 Qb6 16. Rxd8+ Qxd8 17. Nb5 Bc5 18. Rc1 b6 19. Qf3 Kb8 20. Qf4+ Kb7 21. b4 Qd7 22. Qe4+ Ka6 23. bxc5 Qxb5 24. c6 Rc8 25. h3 Qe5 26. Qd3+ b5 27. Qd7 Qc7 28. Qd3 Kb6 29. Qd4+ Ka6 30. Qc5 Qb6 31. Qa3+ Qa5 32. Qe7 Qc7 33. Qb4 Qa5 34. Qe4 Qb6 35. Rc3 Qa5 36.
Qe3 b4 37. Rc5 Qb6 38. Qd3+ Qb5 39. Qxb5# 1-0

[Event "Late-Titled-Tuesday-Blitz-March-26-2024"]
[Site "Chess.com"]
[Date "2024.03.26"]
[Round "2"]
[White "Evandro_Barbosa"]
[Black "Njal28"]
[Result "1-0"]
[WhiteElo "2671"]
[BlackElo "3029"]
[TimeControl "180+1"]
[EndTime "14:19:07 PDT"]
[Termination "Evandro_Barbosa won by resignation"]

1. e4 c5 2. Nf3 d6 3. d4 cxd4 4. Nxd4 Nf6 5. Nc3 a6 6. Be2 e5 7.
Nf3 Be7 8. Bg5 Be6 9. Bxf6 Bxf6 10. Nd5 Nd7 11. Bc4 Nb6 12. Nxb6 Qxb6 13. Bb3 O-O 14. O-O Rac8 15. Qe2 Qc6 16. c3 d5 17. exd5 Bxd5 18.
Bxd5 Qxd5 19. Rfd1 Qe6 20. Nd2 Be7 21. Nf1 Rfd8 22. Ne3 Bc5 23. Rxd8+ Rxd8 24. g3 h6 25. Nc4 e4 26. a4 Rd3 27. Nd2 f5 28. Nf1 Qd5 29.
b4 Ba7 30. Rc1 Qc4 31. Qh5 Rf3 32. Rc2 Kh7 33. Rd2 Qxc3 34. Rd6 Rd3 35. Qxf5+ Kg8 36.
Qe6+ Kh7 37. Qxe4+ Kh8 38. Qxd3 Bxf2+ 39. Kxf2 Qb2+ 40.
Kg1 Qe5 41. Rd8+ 1-0

[Event "Late-Titled-Tuesday-Blitz-March-26-2024"]
[Site "Chess.com"]
[Date "2024.03.26"]
[Round "2"]
[White "hansen"]
[Black "arenal72"]
[Result "1-0"]
[WhiteElo "2962"]
[BlackElo "2617"]
[TimeControl "180+1"]
[EndTime "14:19:07 PDT"]
[Termination "hansen won by checkmate"]

1. Nf3 d6 2. d4 g6 3. e4 Nf6 4. Nc3 Nc6 5. Bb5 a6 6. Bxc6+ bxc6 7. h3 Bg7 8. O-O O-O 9. e5 Nd5 10. Ne4 h6 11. Re1 Be6 12. c4 Nb6 13. b3 d5 14. Nc5 dxc4 15. Nxe6 fxe6 16. bxc4 Nxc4 17. Qd3 Rxf3 18. Qxf3 Qxd4 19. Qxc6 Rf8 20. Qxe6+ Kh7 21. Be3 Nxe3 22. fxe3 Qd2 23. Rad1 Qf2+ 24. Kh1 Rf5 25.
Qxe7 Rxe5 26. Qxc7 Rxe3 27. Rxe3 Qxe3 28. Qc4 a5 29.
Qd3 Qg5 30. g3 h5 31. Qf3 Qb5 32. Rd2 Qb4 33. Re2 Bd4 34. Kg2 Kg7 35. Qe4 Qc3 36. Rc2 Qa1 37. Rc7+ Kh6 38. Qf4+ g5 39. Rc6+ Kh7 40.
Qf7+ Bg7 41. Qg6+ Kg8 42. Rc8# 1-0

[Event "Late-Titled-Tuesday-Blitz-March-26-2024"]
[Site "Chess.com"]
[Date "2024.03.26"]
[Round "2"]
[White "sotochess"]
[Black "VojtechPlat"]
[Result "1-0"]
[WhiteElo "2602"]
[BlackElo "2853"]
[TimeControl "180+1"]
[EndTime "14:19:07 PDT"]
[Termination "sotochess won on time"]

1. e4 d6 2. d4 Nf6 3. Nc3 e5 4. Nf3 exd4 5. Nxd4 g6 6. g3 Bg7 7. Bg2 O-O 8. O-O Re8 9. h3 Na6 10. Re1 Nc5 11. Bg5 c6 12. Qd2 a5 13. Rad1 Qe7 14. Nb3 Nxb3 15. axb3 Be6 16. Qxd6 Qxd6 17.
Rxd6 Nd7 18. Red1 Nc5 19. Be3 Na6 20. f4 Nb4 21. R6d2 f5 22. e5 Bf8 23. Kh2 h6 24. h4 Be7 25. Na4 Kf7 26. Bc5 Red8 27. Bxe7 Rxd2 28.
Rxd2 Kxe7 29. Nc5 Bc8 30. c3 Na6 31. Na4 Be6 32. Bf1 Nc7 33. Nc5 Bc8 34. Rd6 Ne6 35.
Na4 g5 36. Nb6 Rb8 37. Bc4 Nc5 38. Rxh6 gxf4 39. gxf4 Be6 40. Rh7+ Kd8 41. Rh8+ Kc7 42. Rxb8 Kxb8 43. h5 Kc7 44. h6 Kxb6 45. h7 1-0

[Event "Late-Titled-Tuesday-Blitz-March-26-2024"]
[Site "Chess.com"]
[Date "2024.03.26"]
[Round "2"]
[White "Korchmar_Vasiliy"]
[Black "Konavets"]
[Result "1/2-1/2"]
[WhiteElo "2700"]
[BlackElo "3147"]
[TimeControl "180+1"]
[EndTime "14:19:08 PDT"]
[Termination "Game drawn by repetition"]

1. e4 c5 2. d4 cxd4 3. Qxd4 Nc6 4. Qd3 g6 5. Nc3 Bg7 6. Nf3 d6 7. Be2 Nh6 8. O-O O-O 9. Bg5 f6 10. Bd2 f5 11. Ng5 fxe4 12. Ncxe4 Kh8 13. Bc3 Ne5 14. Qd5 Qb6 15. Ne6 Bxe6 16. Qxe6 Nf5 17. Ng5 Rf6 18.
Qd5 e6 19. Qb3 h6 20. Ne4 Rff8 21. Qxe6 Nd4 22. Bxd4 Qxd4 23. Bd3 d5 24. Nc3 Rad8 25.
Rad1 Qh4 26. h3 Rf6 27. Qe7 Rd7 28. Qxe5 Kh7 29. Qg3 Qb4 30. Ne2 Rdf7 31. b3 h5 32. h4 Bf8 33. Nd4 Bd6 34. Qh3 Kg8 35. Nf3 Kg7 36. Ng5 Re7 37. Nf3 Qf4 38. Ng5 Qb4 39.
Qh1 Qf4 40. Qh3 Qb4 1/2-1/2

[Event "Late-Titled-Tuesday-Blitz-March-26-2024"]
[Site "Chess.com"]
[Date "2024.03.26"]
[Round "2"]
[White "zverr1"]
[Black "1800_strength"]
[Result "1-0"]
[WhiteElo "2560"]
[BlackElo "2794"]
[TimeControl "180+1"]
[EndTime "14:19:09 PDT"]
[Termination "zverr1 won by resignation"]

1. e4 g6 2. d4 Bg7 3. Nc3 d5 4.
exd5 Nf6 5. Bc4 Nbd7 6. Bg5 Nb6 7.
Bxf6 Bxf6 8. Bb3 O-O 9. Nge2 a5 10. a4 Bg7 11. O-O Qd6 12. Qd2 c6 13. dxc6 bxc6 14. Ne4 Qc7 15. Nc5 Rd8 16. Qe3 e5 17. Rad1 Nd5 18. Qf3 Qb6 19. Bxd5 cxd5 20. Nb3 e4 21. Qc3 Ba6 22. Qd2 Qb4 23. Qxb4 axb4 24. Rfe1 Bxe2 25.
Rxe2 Rxa4 26. Nc5 Ra2 27. b3 Rc8 28. g3 Bf8 29. Nd7 Rd8 30. Ne5 f6 31. Ng4 Kf7 32. Kf1 Ke6 33. Ne3 Bh6 34. c4 Rxe2 35. cxd5+ Rxd5 36.
Kxe2 Bxe3 37. Kxe3 f5 38. Ra1 Rd6 39. Ra5 Rc6 40.
d5+ 1-0

[Event "Late-Titled-Tuesday-Blitz-March-26-2024"]
[Site "Chess.com"]
[Date "2024.03.26"]
[Round "2"]
[White "guillembaches"]
[Black "MyDream003"]
[Result "1/2-1/2"]
[WhiteElo "2549"]
[BlackElo "2789"]
[TimeControl "180+1"]
[EndTime "14:19:09 PDT"]
[Termination "Game drawn by repetition"]

1. d4 Nf6 2. Nf3 d5 3. Bg5 Ne4 4. Bh4 c5 5. e3 Nc6 6. c3 Qb6 7. Qc1 Bf5 8. Nbd2 e6 9. Be2 Bd6 10. O-O O-O 11. Nxe4 Bxe4 12. Nd2 Bg6 13. Bg3 Be7 14.
Nf3 Rac8 15. Qd2 Bh5 16. Ne5 Bxe2 17. Qxe2 Nxe5 18. Bxe5 Qc6 19. Qg4 f6 20. Bf4 Kh8 21. h4 c4 22. h5 b5 23. a3 a5 24. h6 g6 25. Rfe1 f5 26. Qg3 Rf7 27. Be5+ Kg8 28.
Qf3 Bf8 29. Bf4 Qd7 30. Qg3 Be7 31. Be5 Qd8 32. Qh3 Bg5 33. Bf4 Bf6 34. f3 Qd7 35.
Qh2 Be7 36. e4 fxe4 37. fxe4 Rcf8 38. Be5 Rf2 39. Bg7 R8f7 40. Qb8+ Bf8 41. Rf1 Rxf1+ 42. Rxf1 Rxf1+ 43. Kxf1 Qf7+ 44. Ke2 dxe4 45. Bxf8 Qxf8 46. Qxb5 Qxh6 47. Qe8+ Kg7 48. Qe7+ Kg8 49. Qe8+ Kg7 50. Qe7+ Kg8 51. Qe8+ 1/2-1/2

[Event "Late-Titled-Tuesday-Blitz-March-26-2024"]
[Site "Chess.com"]
[Date "2024.03.26"]
[Round "2"]
[White "1mbl4"]
[Black "Alexander_Donchenko"]
[Result "1-0"]
[WhiteElo "2607"]
[BlackElo "2871"]
[TimeControl "180+1"]
[EndTime "14:19:12 PDT"]
[Termination "1mbl4 won by resignation"]

1. d4 Nf6 2. Nf3 g6 3. Bf4 Bg7 4. e3 O-O 5. Be2 d6 6. h3 c5 7. c3 Qb6 8. Qb3 Be6 9. Qa3 Nc6 10. O-O Rfd8 11. Nbd2 cxd4 12. exd4 a6 13. Rfe1 Rac8 14. Bf1 Kf8 15. Ng5 Bf5 16. Qb3 Qxb3 17. axb3 e5 18.
dxe5 dxe5 19. Be3 Nd5 20. Nc4 Nxe3 21. Nxe3 Bd7 22. Ne4 Be8 23. Nc5 Rb8 24. Nc4 Ke7 25.
f4 f6 26. fxe5 Nxe5 27. Nxe5 fxe5 28. Nd3 Ke6 29. Re3 Bb5 30. Nxe5 Bxe5 31. Rae1 Rd5 32.
c4 Kd6 33. cxd5 Bd4 34. Bxb5 axb5 35. Kh2 Bxe3 36. Rxe3 Kxd5 37. Re7 Kc5 38. Rxh7 Kb4 39. Rg7 Kxb3 40. Rxg6 b6 41. h4 Kxb2 42. g4 b4 43.
Rf6 b3 44. h5 Rh8 45. Rxb6 Kc2 46. Kg3 b2 47. Kh4 Rc8 48. h6 Rc3 49. Rxb2+ Kxb2 50. g5 Rc1 51. g6 Kc3 52. g7 Kd4 53. Kh5 Ke5 54.
g8=Q Rh1+ 55. Kg6 Rg1+ 56. Kf7 1-0